 Dungeon Crawl Stone Soup version 0.30-a0-737-gf23d94013f (webtiles) character file.

Game seed: 5503672786984948268

6302 Ijustatesigmund the Thaumaturge (level 10, -1/56 HPs)
             Began as a Deep Elf Earth Elementalist on Feb 1, 2023.
             Was a Follower of Vehumet.
             Slain by a yak (10 damage)
             ... on level 8 of the Dungeon.
             The game lasted 00:27:05 (10602 turns).

Ijustatesigmund the Thaumaturge (DEEE)             Turns: 10602, Time: 00:27:06

Health: -1/56      AC:  9    Str:  5    XL:     10   Next: 63%
Magic:  13/27      EV: 13    Int: 25    God:    Vehumet [*.....]
Gold:   503        SH:  5    Dex: 15    Spells: 17/31 levels left

rFire   . . .      SeeInvis .    i - +1 short sword (elec)
rCold   . . .      Faith    .    (no shield)
rNeg    . . .      Spirit   .    a - +0 robe
rPois   .          Reflect  +    (no helmet)
rElec   .          Harm     .    c - +2 cloak
rCorr   .          Rampage  .    s - +1 pair of gloves
Will    +....                    m - +1 pair of boots
Stlth   ++                       v - amulet of reflection
HPRegen 0.29/turn                D - ring of flight
MPRegen 0.20/turn                (no ring)

@: flying
A: no striking features
a: Renounce Religion


You were on level 8 of the Dungeon.
You worshipped Vehumet.
Vehumet was aware of your devotion.
You visited 2 branches of the dungeon, and saw 10 of its levels.
You also visited: Sewer.

You collected 503 gold pieces.

Inventory:

Hand Weapons
 i - a +1 short sword of electrocution (weapon)
Missiles
 y - a throwing net
Armour
 a - a +0 robe (worn)
 c - a +2 cloak (worn)
 m - a +1 pair of boots (worn)
 q - a +0 troll leather armour {Pargi}
 s - a +1 pair of gloves (worn)
Jewellery
 v - an amulet of reflection (around neck)
 w - an amulet of the acrobat
 D - a ring of flight (left hand)
Wands
 u - a wand of flame (23)
 x - a wand of polymorph (8)
 A - a wand of paralysis (6)
 B - a wand of roots (18)
Scrolls
 h - 3 scrolls of teleportation
 o - 2 scrolls of amnesia
 t - a scroll of poison
 C - a scroll of fog
 E - 2 scrolls of identify
Potions
 b - a potion of magic
 d - a potion of mutation
 e - 2 potions of brilliance
 f - 2 potions of resistance
 g - 3 potions of heal wounds
 j - 2 potions of flight
 k - 2 potions of cancellation
 l - 2 potions of lignification
 n - 2 potions of haste
 p - a potion of degeneration {unknown}
 r - 6 potions of curing {unknown}
 z - 2 potions of berserk rage {unknown}


   Skills:
 + Level 3.0 Fighting
 + Level 4.0 Dodging
 - Level 2.4 Stealth
 + Level 11.2 Spellcasting
 + Level 8.0 Conjurations
 - Level 5.5 Necromancy
 - Level 1.1 Transmutations
 + Level 8.4 Fire Magic
 - Level 6.4 Earth Magic
 + Level 2.7 Evocations


You had 17 spell levels left.
You knew the following spells:

 Your Spells              Type           Power      Damage    Failure   Level
a - Magic Dart            Conj           100%       1d8       1%          1
b - Kiss of Death         Conj/Necr      100%       2d13      1%          1
c - Stone Arrow           Conj/Erth      100%       3d13      1%          3
d - Dispel Undead         Necr           41%        3d16      4%          4
e - Fireball              Conj/Fire      26%        3d12      4%          5

Your spell library contained the following spells:

 Spells                   Type           Power      Damage    Failure   Level
 Necrotise                Necr           100%       1d9       1%          1
 Sandblast                Erth           92%        2d19      1%          1
 Passwall                 Tmut/Erth      26%        N/A       1%          2
 Vampiric Draining        Necr           41%        2d8       1%          3
 Kindle Blastsparks       Fire/Tloc/Air  56%        2d14      4%          3
 Ensorcelled Hibernation  Hex/Ice        28%        N/A       7%          2
 Petrify                  Tmut/Erth      32%        N/A       9%          4
 Agony                    Necr           41%        N/A       12%         5
 Confusing Touch          Hex            14%        N/A       13%         3
 Summon Ice Beast         Ice/Summ       14%        N/A       41%         4
 Silence                  Hex/Air        7%         N/A       77%         5
 Summon Mana Viper        Hex/Summ       14%        N/A       77%         5
 Monstrous Menagerie      Summ           7%         N/A       100%        7


Dungeon Overview and Level Annotations

Branches:
Dungeon (9/15)             Temple (1/1) D:7           Sewer (visited)
   Lair: D:8-11         Orc: D:9-12

Altars:
Ashenzari
Dithmenos
Elyvilon
Fedhas
Gozag
Hepliaklqana
Kikubaaqudgha
Makhleb
Nemelex Xobeh
Okawaru
Qazlal
Ru
Sif Muna
Trog
Uskayaw
Vehumet
Wu Jian
Xom
Yredelemnul
Zin
The Shining One


Message History

Aim: a yak (87% to hit)
The stone arrow hits the yak!
The yak is moderately wounded.
The yak completely misses you. The yak gores you but does no damage.
You block the yak's attack.
Casting: Stone Arrow (safe; 1% risk of failure)
Confirm with . or Enter, or press ? or * to list all spells.
Aiming: Stone Arrow (safe; 1% risk of failure)
Press: ? - help, Shift-Dir - straight line, f/p - yak
Aim: a yak (moderately wounded, 87% to hit)
The stone arrow hits the yak!!
The yak is almost dead.
The yak barely misses you. The yak gores you! The yak closely misses you.
Casting: Stone Arrow (safe; 1% risk of failure)
Confirm with . or Enter, or press ? or * to list all spells.
Aiming: Stone Arrow (safe; 1% risk of failure)
Press: ? - help, Shift-Dir - straight line, f/p - yak
Aim: a yak (almost dead, 87% to hit)
The stone arrow hits the yak!!
You kill the yak!
Vehumet accepts your kill. The yak gores you! You block the yak's attack.
Your Fighting skill increases to level 3!
Your Dodging skill increases to level 4!
Casting: Stone Arrow (safe; 1% risk of failure)
Confirm with . or Enter, or press ? or * to list all spells.
Aiming: Stone Arrow (safe; 1% risk of failure)
Press: ? - help, Shift-Dir - straight line, f - yak
Aim: a yak (87% to hit)
The stone arrow misses the yak.
The yak gores you. The yak gores you!
* * * LOW HITPOINT WARNING * * *
Casting: Stone Arrow (safe; 1% risk of failure)
Confirm with . or Enter, or press ? or * to list all spells.
Aiming: Stone Arrow (safe; 1% risk of failure)
Press: ? - help, Shift-Dir - straight line, f/p - yak
Aim: a yak (87% to hit)
The stone arrow hits the yak!
The yak is moderately wounded.
The yak gores you!
You die...

.........#........#......#.####
...........................#
.?.>......)................#
..........)..........###...#
..........).).....##..#.####
...#....#.........##.....##
#.###..##.....#....#......# ###
####.......#.........##
#.......#@Y......##
#....#..Y.........#
##.####......#...## ###
###....##.## #########


You could see 2 yaks.

Vanquished Creatures
  A two-headed ogre (D:8)
  A hornet (D:9)
  Prince Ribbit (D:5)
  3 wraiths
  7 yaks
  A wyvern (D:8)
  A steam dragon (D:8)
  2 ice beasts
  An orc warrior (D:8)
  3 black bears
  Pargi (Sewer)
  2 ogres (D:7)
  2 centaurs
  6 bullfrogs
  2 kobold brigands
  2 necrophages (D:6)
  A gnoll sergeant (D:4)
  2 scorpions (D:5)
  10 wights
  8 electric eels
  A howler monkey (D:6)
  3 hounds
  3 gnoll boudas
  2 jellies
  2 orc priests
  5 iguanas
  7 orc wizards
  18 gnolls
  7 adders
  A river rat (D:6)
  A shadow imp (D:4)
  3 white imps
  3 ufetubi (D:6)
  A worm (D:2)
  24 orcs
  3 endoplasms
  6 giant cockroaches
  4 goblins
  4 hobgoblins
  5 jackals
  13 kobolds
  3 quokkas
  3 ball pythons
  2 bats
  5 frilled lizards
  A rat (D:3)
187 creatures vanquished.

Vanquished Creatures (others)
  5 plants (D:5)
5 creatures vanquished.

Grand Total: 192 creatures vanquished

Notes
Turn   | Place    | Note
-------+----------+-------------------------------------------
     0 | D:1      | Ijustatesigmund the Deep Elf Earth Elementalist began the
                  | quest for the Orb.
     0 | D:1      | Reached XP level 1. HP: 10/10 MP: 6/6
   326 | D:1      | Reached XP level 2. HP: 15/15 MP: 5/8
   403 | D:1      | Learned a level 1 spell: Kiss of Death
   862 | D:2      | Identified the +5 short sword of Currency {vamp, Fly rC-
                  | Str+5 Stlth+}
   962 | D:2      | Reached skill level 1 in Necromancy
  1033 | D:2      | Found a stormy altar of Qazlal.
  1169 | D:3      | Reached XP level 3. HP: 19/19 MP: 7/10
  1407 | D:2      | Reached skill level 4 in Spellcasting
  1649 | D:3      | Reached XP level 4. HP: 24/24 MP: 10/12
  1969 | D:3      | Learned a level 3 spell: Stone Arrow
  2144 | D:4      | Found a burning altar of Makhleb.
  2235 | D:4      | Got the Vellum of Torrid Charms
  2364 | D:4      | Reached skill level 1 in Conjurations
  2364 | D:4      | Reached XP level 5. HP: 25/28 MP: 5/14
  2480 | D:4      | Learned a level 4 spell: Dispel Undead
  2816 | D:5      | Entered Level 5 of the Dungeon
  2828 | D:4      | Reached skill level 5 in Spellcasting
  3240 | D:4      | Reached XP level 6. HP: 29/32 MP: 9/15
  3249 | D:4      | Reached skill level 5 in Earth Magic
  3653 | D:5      | Noticed Prince Ribbit
  3657 | D:5      | Killed Prince Ribbit
  3658 | D:5      | Reached skill level 6 in Spellcasting
  3658 | D:5      | Reached XP level 7. HP: 36/36 MP: 10/18
  4207 | D:5      | Reached skill level 5 in Necromancy
  4450 | D:5      | Reached XP level 8. HP: 37/40 MP: 13/20
  4610 | D:5      | Reached skill level 7 in Spellcasting
  4666 | D:5      | Learned a level 5 spell: Fireball
  5053 | D:6      | Reached skill level 1 in Fighting
  5159 | D:6      | Found a glowing drain.
  5164 | Sewer    | Entered a sewer
  5303 | Sewer    | Noticed Pargi
  5311 | Sewer    | Killed Pargi
  5312 | Sewer    | Reached skill level 8 in Spellcasting
  5698 | D:6      | Reached skill level 1 in Fire Magic
  6283 | D:6      | Reached skill level 5 in Fire Magic
  6563 | D:7      | Found a staircase to the Ecumenical Temple.
  6570 | Temple   | Entered the Ecumenical Temple
  6735 | Temple   | Became a worshipper of Vehumet
  6896 | Temple   | Reached XP level 9. HP: 39/48 MP: 18/23
  7068 | Temple   | Reached skill level 5 in Conjurations
  7492 | D:7      | Reached skill level 9 in Spellcasting
  8387 | D:8      | Noticed a two-headed ogre
  8391 | D:8      | Killed a two-headed ogre
  8392 | D:8      | Reached skill level 10 in Spellcasting
  8394 | D:8      | Reached * piety under Vehumet
  8394 | D:8      | Offered knowledge of Magic Dart by Vehumet.
  8748 | D:8      | Reached XP level 10. HP: 47/53 MP: 15/26
  9244 | D:8      | Found a shimmering altar of Xom.
  9462 | D:8      | Found a glowing silver altar of Zin.
  9650 | D:9      | Found an opulent altar of Gozag.
  9682 | D:9      | Reached skill level 1 in Evocations
  9949 | D:9      | Reached skill level 11 in Spellcasting
 10068 | D:9      | Learned a level 1 spell: Magic Dart
 10602 | D:8      | Slain by a yak

Illustrated notes

Levels and vault maps discovered:
D:1:      dpeg_arrival_tiny_c, layout_loops_cross
D:2:      layout_rooms, basic_altar
D:3:      layout_basic, nicolae_figureground_pulse
D:4:      layout_basic, bloody_makhleb
D:5:      cheibrodos_two_vegetables, layout_basic, grunt_ministairs_2,
          uniq_prince_ribbit1
D:6:      layout_rooms, gup_sewer_entry_bowl, water_maze_lemuel
D:7:      layout_cave_pools, minmay_temple_entry_ruins, grunt_ministairs_2
D:8:      layout_cave_pools, xom_butterflies, mainiacjoe_overflow_cross_hatched
D:9:      layout_roguey, nicolae_gozag_seed_capital
Temple:   minmay_crystal_spiral_temple

Skill      XL: |  1  2  3  4  5  6  7  8  9 10 |
---------------+-------------------------------+-----
Necromancy     | 1 2 3 4 5 |  5.5
Spellcasting   | 4 5 6 8 10 11 | 11.2
Earth Magic    | 4 5 6 |  6.4
Conjurations   | 1 2 3 4 7 8 |  8.0
Fighting       | 1 3 |  3.0
Fire Magic     | 5 7 8 |  8.4
Evocations     | 2 |  2.7
Dodging        | 4 |  4.0
Stealth        | |  2.4
Transmutations | |  1.1

Action                     |  1- 3 |  4- 6 |  7- 9 | 10-12 || total
---------------------------+-------+-------+-------+-------++-------
  Melee: Short sword       |     7 |     5 |     4 |    20 ||    36
   Cast: Sandblast         |    38 |    62 |    34 |     4 ||   138
         Kiss of Death     |       |     1 |     2 |       ||     3
         Stone Arrow       |       |    10 |    89 |    41 ||   140
         Dispel Undead     |       |       |     5 |     5 ||    10
         Fireball          |       |       |    10 |     7 ||    17
         Magic Dart        |       |       |       |     6 ||     6
  Evoke: Wand              |       |       |     1 |       ||     1
    Use: Scroll            |     4 |     7 |     8 |     3 ||    22
         Potion            |       |     1 |     1 |       ||     2
   Stab: Sleeping          |     2 |       |       |       ||     2
 Armour: Robe              |     5 |    32 |    18 |    13 ||    68
  Dodge: Dodged            |    11 |    56 |    38 |    21 ||   126
  Block: Other             |       |       |    16 |     8 ||    24
         Reflection        |       |       |     1 |     3 ||     4

Table legend: (Time is in decaauts)
 A = Elapsed time spent in this place.
 B = Non-inter-level travel time spent in this place.
 C = Inter-level travel time spent in this place.
 D = Time resting spent in this place.
 E = Time spent auto-exploring this place.
 F = Levels seen in this place.
 G = Mean time per level.
                   A        B        C        D        E       F      G
               +--------+--------+--------+--------+--------+-----+--------+
         Total |  10735 |  10258 |    477 |   4128 |   4898 |  11 |  975.9 |
       Dungeon |   9798 |   9407 |    391 |   3678 |   4603 |   9 | 1088.7 |
        Temple |    502 |    417 |     85 |    269 |    112 |   1 |  502.0 |
         Sewer |    434 |    434 |      0 |    181 |    183 |   1 |  434.0 |
               +--------+--------+--------+--------+--------+-----+--------+

Top non-repeatable levels by time:
     D:5: 2135 daAuts
     D:4: 1321 daAuts
     D:8: 1177 daAuts
     D:6: 1103 daAuts
     D:7: 1067 daAuts
     D:9: 925 daAuts
     D:1: 764 daAuts
     D:2: 753 daAuts
     D:3: 549 daAuts
  Temple: 502 daAuts
   Sewer: 434 daAuts
